 Dungeon Crawl Stone Soup version 0.29.0-11-gd7f09526c8 (webtiles) character file.

Game seed: 11440833405229994532

90 xian the Trooper (level 4, -1/41 HPs)
             Began as a Draconian Wanderer on Sept 6, 2022.
             Slain by a gnoll
             ... wielding a +0 club
              (3 damage)
             ... on level 2 of the Dungeon.
             The game lasted 00:06:04 (2703 turns).

xian the Trooper (Draconian Wanderer)               Turns: 2703, Time: 00:06:04

Health: -1/41      AC:  9    Str: 20    XL:     4   Next: 32%
Magic:  4/4        EV: 11    Int: 11    God:
Gold:   87         SH:  0    Dex: 14    Spells: 3/3 levels left

rFire   . . .      SeeInvis +   m - +0 great sword
rCold   . . .      Faith    .   (shield currently unavailable)
rNeg    . . .      Spirit   .   (body armour unavailable)
rPois   .          Reflect  .   (helmet restricted)
rElec   .          Harm     .   l - scarf {repulsion}
rCorr   .          Rampage  .   o - +1 pair of gloves
Will    .....                   q - +1 pair of boots
Stlth   ++........              h - amulet of the acrobat
HPRegen 0.13/turn               g - +6 ring of dexterity
MPRegen 0.09/turn               j - ring of see invisible

@: repel missiles
A: AC +5, unfitting armour, cold-blooded
a: no special abilities


You were on level 2 of the Dungeon.
You visited 1 branch of the dungeon, and saw 3 of its levels.

You collected 87 gold pieces.

Inventory:

Hand Weapons
 m - a +0 great sword (weapon)
Armour
 c - a +0 cloak
 l - a scarf of repulsion (worn)
 o - a +1 pair of gloves (worn)
 q - a +1 pair of boots (worn)
Jewellery
 g - a +6 ring of dexterity (left hand)
 h - an amulet of the acrobat (around neck)
 j - a ring of see invisible (right hand)
 p - a ring of wizardry
Wands
 e - a wand of flame (10) (quivered)
Scrolls
 b - a scroll of fog
 i - a scroll of teleportation {unknown}
 n - a scroll of vulnerability {unknown}
 r - a scroll of enchant armour {unknown}
Potions
 a - a potion of magic {unknown}
 d - a potion of curing
 f - 3 potions of mutation {unknown}
 k - a potion of brilliance {unknown}


   Skills:
 * Level 4.7 Fighting
 - Level 1.0 Dodging
 - Level 1.0 Stealth
 - Level 2.0 Unarmed Combat
 - Level 1.0 Invocations
 - Level 4.0 Evocations


You had 3 spell levels left.
You didn't know any spells.
Your spell library was empty.

Dungeon Overview and Level Annotations

Branches:
Dungeon (3/15)

Altars:


Innate Abilities, Weirdness & Mutations

Your plain brown scales are hard. (AC +5)
You cannot fit into any form of body armour.
You are cold-blooded and may be slowed by cold attacks.


Message History

You feel sick.
You are no longer poisoned.
The adder bites you but does no damage. The gnoll hits you but does no damage.
The adder bites you but does no damage. The gnoll hits you but does no damage.
A kobold comes into view. It is wielding a +0 short sword.
The gnoll misses you. The adder completely misses you.
You barely miss the adder.
The adder is almost dead.
The kobold shouts!
The adder bites you but does no damage. The gnoll barely misses you.
The adder closely misses you.
You miss the adder.
The adder is almost dead.
The gnoll hits you but does no damage. x2
The adder bites you but does no damage. The gnoll hits you but does no damage.
The gnoll misses you. The adder bites you but does no damage.
You slash the adder!
You kill the adder!
The gnoll barely misses you. The gnoll hits you with a +0 club!
The gnoll hits you with a +0 club.
* * * LOW HITPOINT WARNING * * *
The gnoll hits you with a +1 vorpal flail.
* * * LOW HITPOINT WARNING * * *
x2 The gnoll attacks as you move away!
The gnoll hits you but does no damage. The kobold closely misses you.
There is a stone staircase leading up, spattered with blood here.
The kobold hits you but does no damage. The gnoll hits you but does no damage.
You climb upwards.
There is a stone staircase leading down here.
The kobold misses you. The gnoll hits you with a +0 club.
* * * LOW HITPOINT WARNING * * *
The kobold attacks as you move away! The kobold completely misses you.
You slash the kobold!
You kill the kobold!
The gnoll hits you but does no damage.
You closely miss the gnoll. The gnoll hits you with a +0 club.
* * * LOW HITPOINT WARNING * * *
You closely miss the gnoll.
Your tail-slap misses the gnoll.
The gnoll hits you but does no damage. The gnoll hits you with a +0 club.
You die...

.#######..#.############.##.#.#
..............................#
.......|..#.#.#######.......#.#
#..#####..#..............##.#.#
..........#.#.#######[#.(##.#.#
.........................##.#.#
#..##.##.#..#.#######.#..##.###
............#)###.....#..##.#
#..##........>.g@.....##.##.#
...##.###...#.###.##..##.##.#
#..##†###...#.###.##..##.##.#
#..##.......................#
#.....................##.####
#####.............##..##.#####
....#.###...#.#..............#
.......................#.###.####
..............[.................#


You could see a gnoll.

Vanquished Creatures
  2 gnolls
  3 adders
  4 worms (D:2)
  A dart slug (D:2)
  A ball python (D:1)
  3 endoplasms
  2 goblins (D:2)
  3 hobgoblins
  3 quokkas
  3 bats
  2 frilled lizards (D:2)
  4 kobolds (D:2)
  A rat (D:2)
32 creatures vanquished.

Notes
Turn   | Place    | Note
-------+----------+-------------------------------------------
     0 | D:1      | xian the Draconian Wanderer began the quest for the Orb.
     0 | D:1      | xian set off with the following items: a +0 club, a scroll
                  | of fog, a +0 cloak, a potion of curing, a wand of flame
                  | (15).
     0 | D:1      | Reached XP level 1. HP: 16/16 MP: 1/1
   464 | D:2      | Reached XP level 2. HP: 25/25 MP: 2/2
  1134 | D:2      | Reached XP level 3. HP: 23/31 MP: 3/3
  1757 | D:2      | HP: 1/33 [poisoned by an adder]
  2409 | D:2      | Reached XP level 4. HP: 6/41 MP: 4/4
  2702 | D:2      | HP: 2/41 [gnoll/+0 club (5)]
  2703 | D:2      | Slain by a gnoll

Illustrated notes

Levels and vault maps discovered:
D:1:      psy_arrival_whirlpool, layout_basic, minivault_24
D:2:      layout_basic, minmay_misc_feat_hallway, chequers_serial_rivers_marsh,
          uniq_crazy_yiuf_cottage
D:3:      layout_rooms, nicolae_uskayaw_dance_hall,
          chequers_ecumenical_altar_island

Skill      XL: |  1  2  3 |
---------------+----------+-----
Fighting       | 2 3 4 |  4.7
Dodging        | |  1.0
Stealth        | |  1.0
Unarmed Combat | |  2.0
Invocations    | |  1.0
Evocations     | |  4.0

Action                   |  1- 3 |  4- 6 || total
-------------------------+-------+-------++-------
Melee: Hand axe          |    76 |       ||    76
       Club              |     2 |       ||     2
       Tailslap          |    15 |       ||    15
       Punch             |     4 |       ||     4
       Great sword       |    38 |    15 ||    53
Evoke: Wand              |     5 |       ||     5
  Use: Scroll            |     2 |       ||     2
       Potion            |     1 |       ||     1
 Stab: Sleeping          |     1 |       ||     1
Armor: Skin              |    45 |    22 ||    67
Dodge: Dodged            |   126 |    22 ||   148
       Repelled          |     2 |       ||     2
